 Seeded DCSS version 0.30-a0-728-gc68057b (webtiles) character file.

Game seed: 1900090322094580285 (custom seed)

31 malesh the Shooter (level 3, 0/28 HPs)
             Began as a Minotaur Hexslinger on Jan 30, 2023.
             Slain by an ufetubus (4 damage)
             ... on level 2 of the Dungeon.
             The game lasted 00:03:32 (1008 turns).

malesh the Shooter (Minotaur Hexslinger)            Turns: 1008, Time: 00:03:33

Health: 0/28       AC:  3    Str: 16    XL:     3   Next: 7%
Magic:  3/3        EV: 12    Int: 10    God:
Gold:   119        SH:  0    Dex: 10    Spells: 3/4 levels left

rFire   . . .      SeeInvis .    a - +1 sling
rCold   . . .      Faith    .    (no shield)
rNeg    . . .      Spirit   .    c - +0 robe
rPois   +          Reflect  .    (helmet restricted)
rElec   .          Harm     .    (no cloak)
rCorr   .          Rampage  .    j - +0 pair of gloves
Will    .....                    (no boots)
Stlth   +                        (no amulet)
HPRegen 0.24/turn                e - ring of poison resistance
MPRegen 0.08/turn                (no ring)

@: no status effects
A: horns 2, retaliatory headbutt
a: no special abilities


You were on level 2 of the Dungeon.
You visited 1 branch of the dungeon, and saw 2 of its levels.

You collected 119 gold pieces.

Inventory:

Hand Weapons
 a - a +1 sling (weapon)
Armour
 c - a +0 robe (worn)
 j - a +0 pair of gloves (worn)
Jewellery
 e - a ring of poison resistance (left hand)
 g - an amulet of faith
Scrolls
 b - a scroll of poison
 f - 3 scrolls of butterflies {unknown}
 h - a scroll of blinking {unknown}
 i - a scroll of noise {unknown}
 l - a scroll of magic mapping {unknown}
Potions
 d - a potion of berserk rage {unknown}
 k - a potion of mutation {unknown}


   Skills:
 + Level 1.5 Fighting
 + Level 3.2 Ranged Weapons
 + Level 2.3 Dodging
 + Level 1.0 Spellcasting
 + Level 2.2 Hexes


You had 3 spell levels left.
You knew the following spells:

 Your Spells              Type           Power      Damage    Failure   Level
a - Slow                  Hex            20%        N/A       14%         1

Your spell library contained the following spells:

 Spells                   Type           Power      Damage    Failure   Level
 Beastly Appendage        Tmut           0%         N/A       34%         1
 Static Discharge         Conj/Air       0%         2-2/arc   45%         2
 Sublimation of Blood     Necr           0%         N/A       45%         2
 Wereblood                Tmut           0%         N/A       45%         2
 Inner Flame              Hex/Fire       2%         N/A       54%         3
 Portal Projectile        Hex/Tloc       4%         N/A       54%         3
 Spider Form              Tmut/Pois      0%         N/A       71%         3
 Vhi's Electric Charge    Tloc/Air       0%         N/A       71%         3
 Cause Fear               Hex            2%         N/A       80%         4
 Petrify                  Tmut/Erth      0%         N/A       98%         4
 Arcjolt                  Conj/Air       0%         1d10      100%        5
 Irradiate                Conj/Tmut      0%         3d11      100%        5
 Lightning Bolt           Conj/Air       0%         1d11      100%        5


Dungeon Overview and Level Annotations

Branches:
Dungeon (2/15)

Altars:


Innate Abilities, Weirdness & Mutations

You have a pair of horns on your head.
You reflexively headbutt those who attack you in melee.


Message History

Found 7 stones.
Found a dagger.
Found 4 stones.
You pick up a book of Alchemy and begin reading...
You add the spells Sublimation of Blood, Petrify and Irradiate to your library.
A goblin and an ufetubus come into view.
The goblin shouts!
The goblin unwields a +0 club.
The goblin wields a +0 sling.
The goblin shoots a sling bullet.
The sling bullet closely misses you.
You shoot a sling bullet.
The sling bullet barely misses the ufetubus.
You shoot a sling bullet. The sling bullet misses the ufetubus.
The goblin shoots a sling bullet.
The sling bullet barely misses you.
A quokka comes into view.
The ufetubus resists with some effort.
The ufetubus hits you. x2
The ufetubus attacks as you move away! The ufetubus hits you. x2
You shoot a sling bullet.
The sling bullet closely misses the ufetubus.
The ufetubus closely misses you. The ufetubus misses you.
The ufetubus hits you but does no damage.
The ufetubus hits you.
You shoot a sling bullet.
The sling bullet barely misses the ufetubus.
The sling bullet barely misses the goblin.
The ufetubus hits you.
The ufetubus hits you but does no damage. x3
The ufetubus closely misses you. The ufetubus misses you.
The goblin shoots a sling bullet.
The sling bullet barely misses you. The ufetubus barely misses you. x2
The ufetubus closely misses you. The ufetubus hits you. The ufetubus hits you.
* * * LOW HITPOINT WARNING * * *
The ufetubus hits you.
* * * LOW HITPOINT WARNING * * *
The ufetubus attacks as you move away! The ufetubus hits you.
* * * LOW HITPOINT WARNING * * *
The ufetubus barely misses you.
A rat comes into view.
The ufetubus attacks as you move away! The ufetubus hits you.
You die...

.................#.....###....
..........##.#.#......)# #....
###......###...........###....
........#####..#.#.......# >.##
...##.#.......##.#.......###..###
....#.#.†.######.#..............#
......#...## #.##.###......<..#
?...(......#####.##.# #..^......#
..............##@##.###.........#
...........##..5.................
...................####..........
.....##.####.g.#.................
....###...##...#.....###....#.#..
...###.....r....####r# #.##...#..
## #........(...# .# #.####....
#........()..# . ... #...
#............# .... ...


You could see an ufetubus, a quokka, a goblin and a rat.

Vanquished Creatures
  A worm (D:2)
  A dart slug (D:1)
  3 ball pythons (D:1)
  2 bats
  3 endoplasms
  2 goblins
  2 jackals (D:1)
  2 kobolds (D:1)
  A quokka (D:1)
  3 frilled lizards (D:1)
  5 rats
25 creatures vanquished.

Notes
Turn   | Place    | Note
-------+----------+-------------------------------------------
     0 | D:1      | malesh the Minotaur Hexslinger began the quest for the Orb.
     0 | D:1      | Reached XP level 1. HP: 16/16 MP: 1/1
   253 | D:1      | Reached XP level 2. HP: 23/23 MP: 2/2
   899 | D:2      | Reached skill level 3 in Ranged Weapons
   935 | D:2      | Reached XP level 3. HP: 28/28 MP: 3/3
  1008 | D:2      | Slain by an ufetubus

Illustrated notes

Levels and vault maps discovered:
D:1:      nzn_arrival_settlement, layout_basic, serial_glass, glass_columns_a,
          glass_columns_a
D:2:      layout_rooms

Skill      XL: |  1  2 |
---------------+-------+-----
Ranged Weapons | 3 |  3.2
Fighting       | |  1.5
Dodging        | |  2.3
Spellcasting   | |  1.0
Hexes          | |  2.2

Action                     || total
---------------------------++-------
   Fire: Sling             ||    80
   Cast: Slow              ||     7
 Armour: Robe              ||    18
  Dodge: Dodged            ||    28

Table legend: (Time is in decaauts)
 A = Elapsed time spent in this place.
 B = Non-inter-level travel time spent in this place.
 C = Inter-level travel time spent in this place.
 D = Time resting spent in this place.
 E = Time spent auto-exploring this place.
 F = Levels seen in this place.
 G = Mean time per level.
                   A        B        C        D        E       F      G
               +--------+--------+--------+--------+--------+-----+--------+
         Total |   1028 |    975 |     53 |      0 |    794 |   2 |  514.0 |
       Dungeon |   1028 |    975 |     53 |      0 |    794 |   2 |  514.0 |
               +--------+--------+--------+--------+--------+-----+--------+

Top non-repeatable levels by time:
     D:1: 901 daAuts
     D:2: 127 daAuts
